 Dungeon Crawl Stone Soup version 0.26-a0-540-g8a0c9464d7 (webtiles) character file.

Game seed: 1796850674895705647

11 MalarOregon the Sneak (level 2, -4/26 HPs)
             Began as a Draconian Delver on Aug 20, 2020.
             Slain by an orc priest
             ... wielding a cursed +0 hand axe
              (5 damage)
             ... on level 5 of the Dungeon.
             The game lasted 00:00:22 (48 turns).

MalarOregon the Sneak (Draconian Delver)              Turns: 48, Time: 00:00:22

Health: -4/26      AC:  4    Str: 14    XL:     2   Next: 17%
Magic:  2/2        EV: 12    Int: 10    God:
Gold:   0          SH:  0    Dex: 12    Spells: 1/1 levels left

rFire    . . .     SeeInvis .   a - +0 falchion
rCold    . . .     Faith    .   (no shield)
rNeg     . . .     Spirit   .   (armour unavailable)
rPois    .         Reflect  .   (helmet restricted)
rElec    .         Harm     .   (no cloak)
rCorr    .                      (no gloves)
MR       .....                  (no boots)
Stlth    +++.......             (no amulet)
HPRegen  0.08/turn              (no ring)
MPRegen  0.08/turn              (no ring)

@: lethally poisoned (-4 -> -9)
A: unfitting armour, cold-blooded, AC +4
a: no special abilities


You were on level 5 of the Dungeon.
You visited 1 branch of the dungeon, and saw 1 of its levels.

Inventory:

Hand Weapons
 a - a +0 falchion (weapon)
Wands
 v - a wand of digging (3)
Scrolls
 b - a scroll of fog
 c - a scroll of magic mapping
 d - a scroll of fear
 f - a scroll of remove curse {unknown}
Potions
 e - a potion of haste {@q3}


   Skills:
 + Level 3.4 Fighting
 + Level 2.2 Long Blades
 + Level 2.0 Dodging
 + Level 4.6 Stealth


You had one spell level left.
You didn't know any spells.
Your spell library was empty.

Dungeon Overview and Level Annotations

Branches:
Dungeon (5/15)
 Temple: D:4-7

Altars:


Innate Abilities, Weirdness & Mutations

Your plain brown scales are hard. (AC +4)
You cannot fit into any form of body armour.
You are cold-blooded and may be slowed by cold attacks.


Message History

Options error: Bad channel -- pray (~/.crawlrc:4440) Options error: Bad channel -- food (~/.crawlrc:4443) Welcome, MalarOregon the Draconian Delver.
It is said that the Orb of Zot exists deep within this dungeon.
Found a scroll labeled UNGUIBBIHE and a runed robe.
Found a stone staircase leading down.
f - a scroll labeled UNGUIBBIHE Search for what [? for help]? .
An orc comes into view. It is wielding a +0 hand axe.
The orc shouts!
An orc comes into view. It is wielding a +0 club.
An orc priest comes into view. It is wielding a +0 hand axe.
A frilled lizard comes into view.
An adder comes into view.
The orc shouts!
The frilled lizard hisses angrily.
The orc priest shouts!
You hit the orc but do no damage. The orc barely misses you.
You hit the orc. You hit the orc. You hit the orc.
You kill the orc!
The adder barely misses you.
You riposte.
You closely miss the adder. You hit the adder. The adder bites you.
You hit the adder but do no damage. You tail-slap the adder.
The adder barely misses you.
You riposte.
You miss the adder.
Your tail-slap misses the adder.
The adder completely misses you.
You barely miss the adder. The adder barely misses you.
You closely miss the adder. The adder bites you but does no damage.
The adder barely misses you.
You closely miss the adder. The adder bites you. x2
* * * LOW HITPOINT WARNING * * *
You are poisoned.
The adder poisons you!
You hit the adder. You tail-slap the adder.
You kill the adder!
Your Dodging skill increases to level 2!
You have reached level 2!
You feel sick.
The orc priest invokes the aid of Beogh against you.
Beogh smites you!
* * * LOW HITPOINT WARNING * * *
Unknown command.
Unknown command.
You hit the orc priest.
* * * LOW HITPOINT WARNING * * *
You feel sick.
The orc priest looks encouraged for a moment.
Unknown command.
You closely miss the orc priest.
The orc priest hits you with a cursed +0 hand axe.
You die...

#........o.......
....#............ ..
##.....l.....#
#.##...........##
#.#..###o.##.###
#.#.###..## ...
#.#.##..## #####
#########......###......
........#...##lo@..#
........##.....#####
............####
........##### ........#
........# ........#
........# ........#


You could see an orc priest and a frilled lizard.

Vanquished Creatures
  An adder (D:5)
  An orc (D:5)
2 creatures vanquished.

Notes
Turn   | Place    | Note
-------+----------+-------------------------------------------
     0 | D:5      | MalarOregon the Draconian Delver began the quest for the
                  | Orb.
     0 | D:5      | Reached XP level 1. HP: 19/19 MP: 1/1
    24 | D:5      | Noticed an orc priest
    46 | D:5      | Reached XP level 2. HP: 13/26 MP: 2/2
    47 | D:5      | HP: 1/26 [poisoned by an adder]
    48 | D:5      | Slain by an orc priest

Illustrated notes

Levels and vault maps discovered:
D:5:      layout_rooms, vehumet_altar_wand_db

Skill      XL: |  1 |
---------------+----+-----
Dodging        | 2 |  2.0
Fighting       | |  3.4
Long Blades    | |  2.2
Stealth        | |  4.6

Action                   || total
-------------------------++-------
Melee: Falchion          ||    12
       Tailslap          ||     2
Armor: Skin              ||     1
Dodge: Dodged            ||     6
       Rpst.: Falchion   ||     2

Table legend: (Time is in decaauts)
 A = Elapsed time spent in this place.
 B = Non-inter-level travel time spent in this place.
 C = Inter-level travel time spent in this place.
 D = Time resting spent in this place.
 E = Time spent auto-exploring this place.
 F = Levels seen in this place.
 G = Mean time per level.
                   A        B        C        D        E       F      G
               +--------+--------+--------+--------+--------+-----+--------+
         Total |     50 |     50 |      0 |      0 |     22 |   1 |   50.0 |
       Dungeon |     50 |     50 |      0 |      0 |     22 |   1 |   50.0 |
               +--------+--------+--------+--------+--------+-----+--------+

Top non-repeatable levels by time:
     D:5: 50 daAuts
